 Dungeon Crawl Stone Soup version 0.29.0-13-gc9e81de378 (webtiles) character file.

Game seed: 4707142576130320291

66 sanka the Trooper (level 4, -2/35 HPs)
             Began as a Djinni Hunter on Sept 9, 2022.
             Killed by divine providence
             ... invoked by an orc priest
              (12 damage)
             ... on level 2 of the Dungeon.
             The game lasted 00:01:18 (1522 turns).

sanka the Trooper (Djinni Hunter)                   Turns: 1522, Time: 00:01:19

Health: -2/35      AC:  3    Str: 10    XL:     4   Next: 37%
Gold:   50         EV: 12    Int: 12    God:
                   SH:  0    Dex: 17

rFire   + + .      SeeInvis .   a - +0 shortbow
rCold   x . .      Faith    .   (shield currently unavailable)
rNeg    . . .      Spirit   .   c - +0 leather armour
rPois   ∞          Reflect  .   f - +0 hat
rElec   .          Harm     .   (no cloak)
rCorr   .          Rampage  .   (no gloves)
Will    .....                   (boots unavailable)
Stlth   ++........              (no amulet)
HPRegen 0.11/turn               (no ring)
MPRegen 0.00/turn               (no ring)

@: flying
A: sickness immunity, fire resistance 2, cold vulnerability 1, float, innate
caster, HP casting, extra vitality 1
a: no special abilities


You were on level 2 of the Dungeon.
You visited 1 branch of the dungeon, and saw 3 of its levels.

You collected 50 gold pieces.


Innate Abilities, Weirdness & Mutations

You are immune to sickness and miasma.
You are immune to poison.
Your flesh is very heat resistant. (rF++)
You are vulnerable to cold. (rC-)
You float through the air rather than walking.
You learn spells naturally, not from books.
Your magical power is your life essence.
You have superior vitality. (+4 MHP)


   Skills:
 + Level 3.3 Fighting
 - Level 3.2 Ranged Weapons
 - Level 2.1 Dodging
 - Level 0.7 Stealth
 + Level 1.7 Spellcasting


You had 5 spell levels left.
You knew the following spells:

 Your Spells              Type           Power      Damage    Failure   Level
z - Magic Dart            Conj           20%        1d4       19%         1
Your spell library was empty.

Inventory:

Hand Weapons
 a - a +0 shortbow (weapon)
Armour
 c - a +0 leather armour (worn)
 f - a +0 hat (worn)
Scrolls
 b - a scroll of immolation {!r}
 d - a scroll of silence {unknown}
 e - 3 scrolls of identify {unknown}
 g - a scroll of butterflies {unknown}
Potions
 h - a potion of heal wounds {unknown}
 i - a potion of haste {unknown}
 j - a potion of degeneration {unknown}

Dungeon Overview and Level Annotations

Branches:
Dungeon (3/15)

Altars:

▒.........▒ ▒.........▒
▒▒.......▒▒ ▒▒▒▒▒▒▒▒▒▒
▒.........▒▒ ▒.........
▒..........▒▒▒.▒▒▒▒▒▒▒▒
▒..............▒▒▒▒▒▒▒▒
▒.........▒.÷..........
▒......o..▒▒▒▒.▒▒......
▒▒....R..▒▒ ▒.▒▒▒.▒▒..
▒▒....)▒▒ ▒▒▒.▒▒......
▒▒▒▒▒▒▒ ▒...▒▒......
▒...▒▒......
▒...▒▒......
▒...▒▒......
▒...▒▒▒▒▒▒▒.
▒.........▒▒
▒...▒▒▒▒▒...


You could see an orc priest.


Message History

You fly downwards.
There is a stone staircase leading up here.
Unknown command.
You shoot an arrow. The arrow barely misses the orc priest.
The orc priest hits you with a +0 short sword.
You fly upwards.
There is a stone staircase leading down here.
Unknown command.
You shoot an arrow.
The arrow hits the orc priest but does no damage.
The orc priest hits you with a +0 short sword.
You shoot an arrow.
The arrow hits the orc priest but does no damage.
The orc priest barely misses you.
You shoot an arrow.
The arrow closely misses the orc priest.
The orc priest mumbles some strange prayers to Beogh against you.
Pain shoots through your body! The orc priest closely misses you.
You shoot an arrow.
The arrow hits the orc priest but does no damage.
The orc priest mumbles some strange prayers to Beogh against you.
Beogh smites you!
* * * LOW HITPOINT WARNING * * *
You shoot an arrow. The arrow barely misses the orc priest.
The orc priest invokes the aid of Beogh against you.
Beogh smites you!
You die...

Action                   |  1- 3 |  4- 6 || total
-------------------------+-------+-------++-------
 Fire: Shortbow          |    80 |     6 ||    86
Armor: Leather armour    |     9 |       ||     9
Dodge: Dodged            |    18 |     2 ||    20

Levels and vault maps discovered:
D:1:      amcnicky_arrival_wind_blow, layout_basic, lemuel_old_faithful
D:2:      layout_rooms, serial_corexii_hall, chequers_hall_statues_corner_a,
          corexii_hall_statues_l, chequers_mini_garden, bh_walls_and_bars
D:3:      cheibrodos_thug_alley, layout_loops_ring, grunt_temple_overflow_open,
          kennysheep_slug_shrine, serial_co_window_serial, co_window_corner_a,
          co_window_cross_1, co_window_paths_b, co_window_corner_a,
          co_window_corner_a, co_window_unsneaky_path_c, co_window_cross_2,
          co_window_corner_b, co_window_paths_c, co_window_2corner,
          co_window_unsneaky_path_d, co_window_2corner, co_window_paths_e,
          glass_columns_a, glass_columns_a

Notes
Turn   | Place    | Note
-------+----------+-------------------------------------------
     0 | D:1      | sanka the Djinni Hunter began the quest for the Orb.
     0 | D:1      | Reached XP level 1. HP: 18/18 MP: 0/0
   238 | D:1      | Reached XP level 2. HP: 22/23 MP: 0/0
   706 | D:2      | Reached skill level 1 in Spellcasting
   781 | D:2      | Reached XP level 3. HP: 29/29 MP: 0/0
   781 | D:2      | Learned a level 1 spell: Magic Dart
  1276 | D:2      | Reached skill level 3 in Fighting
  1276 | D:2      | Reached XP level 4. HP: 8/35 MP: 0/0
  1522 | D:2      | Killed from afar by an orc priest

Vanquished Creatures
  An orc priest (D:2)
  2 dart slugs
  An orc (D:3)
  4 endoplasms
  A giant cockroach (D:1)
  2 goblins
  3 hobgoblins
  2 jackals (D:2)
  2 kobolds (D:2)
  2 quokkas
  A ball python (D:2)
  2 bats
  3 frilled lizards
  3 rats
29 creatures vanquished.
